 Dungeon Crawl Stone Soup version 0.23.2 (webtiles) character file.

Game seed: 3678815685916967884

354 Acheron the Charlatan (level 6, -4/35 HPs)
             Began as a Deep Elf Artificer on Apr 7, 2019.
             Was a Follower of Okawaru.
             Killed by nerve-wracking pain
             ... invoked by a shadow imp
              (14 damage)
             ... on level 5 of the Dungeon.
             The game lasted 00:32:35 (5462 turns).

Acheron the Charlatan (Deep Elf Artificer)          Turns: 5462, Time: 00:32:36

Health: -4/35      AC:  6    Str: 10    XL:     6   Next: 35%
Magic:  11/11      EV: 12    Int: 19    God:    Okawaru [*.....]
Gold:   148        SH:  0    Dex: 15    Spells: 9/9 levels left

rFire    . . .     SeeInvis .   a - +1 short sword
rCold    . . .     Gourm    .   (no shield)
rNeg     . . .     Faith    .   y - +0 ring mail
rPois    .         Spirit   .   (no helmet)
rElec    .         Reflect  .   g - +0 cloak
rCorr    .         Harm     .   (no gloves)
MR       +....                  (no boots)
Stlth    +.........             m - amulet of the acrobat
HPRegen  0.11/turn              h - ring of protection from magic
MPRegen  0.12/turn              x - +2 ring of intelligence

@: no status effects
A: no striking features
a: Heroism, Renounce Religion


You were on level 5 of the Dungeon.
You worshipped Okawaru.
Okawaru was aware of your devotion.
You were not hungry.

You visited 1 branch of the dungeon, and saw 6 of its levels.

You collected 148 gold pieces.

Inventory:

Hand Weapons
 a - a +1 short sword (weapon)
 j - a +0 mace of protection
 k - a +0 falchion
 l - a +0 hand axe
 w - a +0 war axe
 A - a +0 long sword
 D - a +0 great sword
Missiles
 n - 40 sling bullets
 s - 62 stones (quivered)
 E - 31 arrows
 F - 8 poisoned needles
Armour
 g - a +0 cloak (worn)
 y - a +0 ring mail (worn)
Jewellery
 h - a ring of protection from magic (left hand)
 m - an amulet of the acrobat (around neck)
 t - an uncursed ring of flight
 x - a +2 ring of intelligence (right hand)
Wands
 c - a wand of flame (3)
 d - a wand of enslavement (13)
 e - a wand of random effects (8)
Scrolls
 q - a scroll of fear
 v - a scroll of fog {unknown}
 G - 2 scrolls of amnesia
 I - 2 scrolls of remove curse
Potions
 b - a potion of invisibility {unknown}
 i - a potion of curing
 o - a potion of mutation {unknown}
 p - 2 potions of heal wounds {unknown}
 r - a potion of agility {unknown}
 u - a potion of lignification {unknown}
 z - a potion of might {unknown}
 C - a potion of flight {unknown}
Comestibles
 f - 3 rations


   Skills:
 * Level 1.7 Fighting
 * Level 3.5 Short Blades
 * Level 1.7 Armour
 * Level 3.5 Dodging
 * Level 2.4 Stealth
 * Level 2.1 Spellcasting
 * Level 1.7 Invocations
 * Level 4.0 Evocations


You had 9 spell levels left.
You didn't know any spells.
Your spell library was empty.

Dungeon Overview and Level Annotations

Branches:
Dungeon (6/15)
 Temple: D:4-7

Altars:
Dithmenos
Hepliaklqana
Nemelex Xobeh
Okawaru
Yredelemnul

Annotations:
D:3 exclusion: 2 downstairs
D:4 exclusion: downstairs, Pikel
D:5 Edmund, Sigmund
D:6 Menkaure


Message History

The crimson imp hits you.
* * * LOW HITPOINT WARNING * * *
It was a potion of curing.
You feel better.
Cornered, the worker ant turns to fight!
The shadow imp hits you.
The crimson imp blinks!
The crimson imp closely misses you.
You barely miss the quokka.
The shadow imp hits you but does no damage.
The quokka barely misses you. The crimson imp hits you.
You hit the quokka.
The quokka is severely wounded.
The shadow imp closely misses you. The quokka bites you.
* * * LOW HITPOINT WARNING * * *
The crimson imp blinks!
You closely miss the quokka.
The quokka is severely wounded.
The crimson imp blinks!
The shadow imp gestures at you. Pain shoots through your body!
You die...

#.....###§...#
#.....###....#
#.............#
#..........§..#
#.%...........#
#########....#
#......##
#r5..5..#
#@§a....#
#####...# ...#
...# .$...
a..... ##@...


You could see a worker ant, a crimson imp, a shadow imp and a quokka.

Vanquished Creatures
  A phantom (D:4)
  2 hounds (D:4)
  A jelly (D:5)
  A centaur skeleton (D:5)
  7 adders
  An ooze (D:3)
  2 adder skeletons (D:5)
  2 worms (D:3)
  2 leopard geckos
  6 orcs
  11 bats
  3 giant cockroaches
  A goblin (D:2)
  6 hobgoblins
  6 jackals
  2 ball pythons
  5 frilled lizards
  5 kobolds
  A quokka skeleton (D:4)
  A rat (D:1)
66 creatures vanquished.

Vanquished Creatures (collateral kills)
  A jackal (D:3)
1 creature vanquished.

Vanquished Creatures (others)
  4 toadstools (D:1)
4 creatures vanquished.

Grand Total: 71 creatures vanquished

Notes
Turn   | Place    | Note
-------+----------+-------------------------------------------
     0 | D:1      | Acheron the Deep Elf Artificer began the quest for the Orb.
     0 | D:1      | Reached XP level 1. HP: 11/11 MP: 5/5
   208 | D:1      | Found an iron altar of Okawaru.
   220 | D:1      | Became a worshipper of Warmaster Okawaru
   935 | D:2      | Reached XP level 2. HP: 13/16 MP: 6/6
  1258 | D:2      | Reached skill level 1 in Spellcasting
  1617 | D:2      | Found a shadowy altar of Dithmenos.
  1617 | D:2      | Found a sparkling altar of Nemelex Xobeh.
  1784 | D:3      | Reached XP level 3. HP: 16/20 MP: 7/7
  1979 | D:3      | Reached skill level 1 in Fighting
  2752 | D:3      | Reached XP level 4. HP: 10/25 MP: 8/8
  3098 | D:4      | Noticed an ogre
  3174 | D:4      | Noticed a phantom
  3390 | D:5      | Entered Level 5 of the Dungeon
  3510 | D:5      | Noticed Sigmund
  3824 | D:6      | Noticed Menkaure
  3824 | D:6      | Noticed a bullfrog
  3825 | D:6      | Noticed an orc warrior
  3839 | D:5      | Reached skill level 1 in Armour
  3839 | D:5      | Reached skill level 1 in Invocations
  3839 | D:5      | Reached XP level 5. HP: 19/29 MP: 9/9
  3959 | D:5      | Noticed an ice beast
  4310 | D:4      | Killed a phantom
  4310 | D:4      | Reached * piety under Okawaru
  4310 | D:4      | Reached XP level 6. HP: 12/35 MP: 10/10
  4564 | D:4      | Noticed a slave
  4565 | D:4      | Noticed a slave
  4576 | D:4      | Found a hazy altar of Hepliaklqana.
  4588 | D:4      | Noticed a slave
  4589 | D:4      | Noticed a slave
  4599 | D:4      | Noticed Pikel
  4626 | D:4      | HP: 1/35 [ogre/+0 giant club (21)]
  5109 | D:3      | Reached skill level 4 in Evocations
  5383 | D:5      | Found a basalt altar of Yredelemnul.
  5441 | D:5      | Noticed Edmund
  5462 | D:5      | Killed from afar by a shadow imp

Skill      XL: |  1  2  3  4  5  6 |
---------------+-------------------+-----
Spellcasting   | 1 2 |  2.1
Short Blades   | 2 3 |  3.5
Fighting       | 1 |  1.7
Dodging        | 3 |  3.5
Armour         | 1 |  1.7
Invocations    | 1 |  1.7
Stealth        | 2 |  2.4
Evocations     | 4 |  4.0

Action                   |  1- 3 |  4- 6 || total
-------------------------+-------+-------++-------
Melee: Short sword       |   161 |   145 ||   306
Throw: Stone             |     2 |       ||     2
Invok: Heroism           |       |     2 ||     2
Evoke: Wand              |     6 |    15 ||    21
  Use: Scroll            |     9 |     4 ||    13
       Potion            |       |     1 ||     1
 Stab: Sleeping          |     3 |     1 ||     4
       Paralysed         |       |     2 ||     2
  Eat: Chunk             |     2 |     1 ||     3
       Ration            |     1 |     3 ||     4
Armor: Leather armour    |    39 |       ||    39
       Ring mail         |       |    45 ||    45
Dodge: Dodged            |   118 |   109 ||   227
